Workbook

Sheet Calculator
A1: -- CONFIDENTIAL --
B2: Fee Сalculator
B3: Year 1 | C3: Year 2 | D3: Year 3 | E3: Year 4 | F3: Year 5
A4: Number of transactions | B4: 5000 | C4: =B4+B4*C5 -> 5500 | D4: =C4+C4*D5 -> 6050 | E4: =D4+D4*E5 -> 6655 | F4: =E4+E4*F5 -> 7320.5
A5: Annual growth, % | B5: 0 | C5: 0.1 | D5: 0.1 | E5: 0.1 | F5: 0.1
A7: Payments, USD
A8: Main RSP (provided by RSP.it.com) | B8: {=IF(B4>=0,_xlfn.IFS(B4<Fees!$B$15,MAX(Fees!$B$14*Fees!$B$9+_xlfn.IFS(B4-Fees!$B$14<=(Fees!$B$15-1)-Fees!$B$14,(B4-Fees!$B$14)*Fees!$B$10,B4-Fees!$B$14>(Fees!$B$15-1)-Fees!$B$14,((Fees!$B$15-1)-Fees!$B$14)*Fees!$B$10+(B4-(Fees!$B$15-1))*Fees!$B$11),Fees!$B$12),B4>=Fees!$B$15,MAX(Fees!$B$14*Fees!$B$9+_xlfn.IFS(B4-Fees!$B$14<=(Fees!$B$15-1)-Fees!$B$14,(B4-Fees!$B$14)*Fees!$B$10,B4-Fees!$B$14>(Fees!$B$15-1)-Fees!$B$14,((Fees!$B$15-1)-Fees!$B$14)*Fees!$B$10+(B4-(Fees!$B$15-1))*Fees!$B$11),Fees!$B$13))-_xlfn.IFS(B4<Fees!$B$15,MAX(Fees!$B$14*Fees!$B$9+_xlfn.IFS(B4-Fees!$B$14<=(Fees!$B$15-1)-Fees!$B$14,(B4-Fees!$B$14)*Fees!$B$10,B4-Fees!$B$14>(Fees!$B$15-1)-Fees!$B$14,((Fees!$B$15-1)-Fees!$B$14)*Fees!$B$10+(B4-(Fees!$B$15-1))*Fees!$B$11),Fees!$B$12),B4>=Fees!$B$15,MAX(Fees!$B$14*Fees!$B$9+_xlfn.IFS(B4-Fees!$B$14<=(Fees!$B$15-1)-Fees!$B$14,(B4-Fees!$B$14)*Fees!$B$10,B4-Fees!$B$14>(Fees!$B$15-1)-Fees!$B$14,((Fees!$B$15-1)-Fees!$B$14)*Fees!$B$10+(B4-(Fees!$B$15-1))*Fees!$B$11),Fees!$B$13))*$B$15,"N/A")} -> 0 | C8: {=IF(C4>=0,_xlfn.IFS(C4<Fees!$B$15,MAX(Fees!$B$12,_xlfn.IFS(AND(B4<=Fees!$B$14,C4<=Fees!$B$14),C4*Fees!$B$9,AND(B4<=Fees!$B$14,C4>Fees!$B$14,C4<Fees!$B$15),Fees!$B$14*Fees!$B$9+(C4-Fees!$B$14)*Fees!$B$10,AND(B4<=Fees!$B$14,C4>=Fees!$B$15),Fees!$B$14*Fees!$B$9+((Fees!$B$15-1)-Fees!$B$14)*Fees!$B$10+(C4-(Fees!$B$15-1))*Fees!$B$11,AND(B4>Fees!$B$14,B4<Fees!$B$15,C4<=Fees!$B$14),C4*Fees!$B$10,AND(B4>Fees!$B$14,B4<Fees!$B$15,C4>Fees!$B$14,C4<Fees!$B$15),C4*Fees!$B$10,AND(B4>Fees!$B$14,B4<Fees!$B$15,C4>=Fees!$B$15),(Fees!$B$15-1)*Fees!$B$10+(C4-(Fees!$B$15-1))*Fees!$B$11,B4>=Fees!$B$15,C4*Fees!$B$11)),C4>=Fees!$B$15,MAX(Fees!$B$13,_xlfn.IFS(AND(B4<=Fees!$B$14,C4<=Fees!$B$14),C4*Fees!$B$9,AND(B4<=Fees!$B$14,C4>Fees!$B$14,C4<Fees!$B$15),Fees!$B$14*Fees!$B$9+(C4-Fees!$B$14)*Fees!$B$10,AND(B4<=Fees!$B$14,C4>=Fees!$B$15),Fees!$B$14*Fees!$B$9+((Fees!$B$15-1)-Fees!$B$14)*Fees!$B$10+(C4-(Fees!$B$15-1))*Fees!$B$11,AND(B4>Fees!$B$14,B4<Fees!$B$15,C4<=Fees!$B$14),C4*Fees!$B$10,AND(B4>Fees!$B$14,B4<Fees!$B$15,C4>Fees!$B$14,C4<Fees!$B$15),C4*Fees!$B$10,AND(B4>Fees!$B$14,B4<Fees!$B$15,C4>=Fees!$B$15),(Fees!$B$15-1)*Fees!$B$10+(C4-(Fees!$B$15-1))*Fees!$B$11,B4>=Fees!$B$15,C4*Fees!$B$11))),"N/A")} -> 5250 | D8: {=IF(D4>=0,_xlfn.IFS(D4<Fees!$B$15,MAX(Fees!$B$12,_xlfn.IFS(AND(C4<=Fees!$B$14,D4<=Fees!$B$14),D4*Fees!$B$9,AND(C4<=Fees!$B$14,D4>Fees!$B$14,D4<Fees!$B$15),Fees!$B$14*Fees!$B$9+(D4-Fees!$B$14)*Fees!$B$10,AND(C4<=Fees!$B$14,D4>=Fees!$B$15),Fees!$B$14*Fees!$B$9+((Fees!$B$15-1)-Fees!$B$14)*Fees!$B$10+(D4-(Fees!$B$15-1))*Fees!$B$11,AND(C4>Fees!$B$14,C4<Fees!$B$15,D4<=Fees!$B$14),D4*Fees!$B$10,AND(C4>Fees!$B$14,C4<Fees!$B$15,D4>Fees!$B$14,D4<Fees!$B$15),D4*Fees!$B$10,AND(C4>Fees!$B$14,C4<Fees!$B$15,D4>=Fees!$B$15),(Fees!$B$15-1)*Fees!$B$10+(D4-(Fees!$B$15-1))*Fees!$B$11,C4>=Fees!$B$15,D4*Fees!$B$11)),D4>=Fees!$B$15,MAX(Fees!$B$13,_xlfn.IFS(AND(C4<=Fees!$B$14,D4<=Fees!$B$14),D4*Fees!$B$9,AND(C4<=Fees!$B$14,D4>Fees!$B$14,D4<Fees!$B$15),Fees!$B$14*Fees!$B$9+(D4-Fees!$B$14)*Fees!$B$10,AND(C4<=Fees!$B$14,D4>=Fees!$B$15),Fees!$B$14*Fees!$B$9+((Fees!$B$15-1)-Fees!$B$14)*Fees!$B$10+(D4-(Fees!$B$15-1))*Fees!$B$11,AND(C4>Fees!$B$14,C4<Fees!$B$15,D4<=Fees!$B$14),D4*Fees!$B$10,AND(C4>Fees!$B$14,C4<Fees!$B$15,D4>Fees!$B$14,D4<Fees!$B$15),D4*Fees!$B$10,AND(C4>Fees!$B$14,C4<Fees!$B$15,D4>=Fees!$B$15),(Fees!$B$15-1)*Fees!$B$10+(D4-(Fees!$B$15-1))*Fees!$B$11,C4>=Fees!$B$15,D4*Fees!$B$11))),"N/A")} -> 5000 | E8: {=IF(E4>=0,_xlfn.IFS(E4<Fees!$B$15,MAX(Fees!$B$12,_xlfn.IFS(AND(D4<=Fees!$B$14,E4<=Fees!$B$14),E4*Fees!$B$9,AND(D4<=Fees!$B$14,E4>Fees!$B$14,E4<Fees!$B$15),Fees!$B$14*Fees!$B$9+(E4-Fees!$B$14)*Fees!$B$10,AND(D4<=Fees!$B$14,E4>=Fees!$B$15),Fees!$B$14*Fees!$B$9+((Fees!$B$15-1)-Fees!$B$14)*Fees!$B$10+(E4-(Fees!$B$15-1))*Fees!$B$11,AND(D4>Fees!$B$14,D4<Fees!$B$15,E4<=Fees!$B$14),E4*Fees!$B$10,AND(D4>Fees!$B$14,D4<Fees!$B$15,E4>Fees!$B$14,E4<Fees!$B$15),E4*Fees!$B$10,AND(D4>Fees!$B$14,D4<Fees!$B$15,E4>=Fees!$B$15),(Fees!$B$15-1)*Fees!$B$10+(E4-(Fees!$B$15-1))*Fees!$B$11,D4>=Fees!$B$15,E4*Fees!$B$11)),E4>=Fees!$B$15,MAX(Fees!$B$13,_xlfn.IFS(AND(D4<=Fees!$B$14,E4<=Fees!$B$14),E4*Fees!$B$9,AND(D4<=Fees!$B$14,E4>Fees!$B$14,E4<Fees!$B$15),Fees!$B$14*Fees!$B$9+(E4-Fees!$B$14)*Fees!$B$10,AND(D4<=Fees!$B$14,E4>=Fees!$B$15),Fees!$B$14*Fees!$B$9+((Fees!$B$15-1)-Fees!$B$14)*Fees!$B$10+(E4-(Fees!$B$15-1))*Fees!$B$11,AND(D4>Fees!$B$14,D4<Fees!$B$15,E4<=Fees!$B$14),E4*Fees!$B$10,AND(D4>Fees!$B$14,D4<Fees!$B$15,E4>Fees!$B$14,E4<Fees!$B$15),E4*Fees!$B$10,AND(D4>Fees!$B$14,D4<Fees!$B$15,E4>=Fees!$B$15),(Fees!$B$15-1)*Fees!$B$10+(E4-(Fees!$B$15-1))*Fees!$B$11,D4>=Fees!$B$15,E4*Fees!$B$11))),"N/A")} -> 5000 | F8: {=IF(F4>=0,_xlfn.IFS(F4<Fees!$B$15,MAX(Fees!$B$12,_xlfn.IFS(AND(E4<=Fees!$B$14,F4<=Fees!$B$14),F4*Fees!$B$9,AND(E4<=Fees!$B$14,F4>Fees!$B$14,F4<Fees!$B$15),Fees!$B$14*Fees!$B$9+(F4-Fees!$B$14)*Fees!$B$10,AND(E4<=Fees!$B$14,F4>=Fees!$B$15),Fees!$B$14*Fees!$B$9+((Fees!$B$15-1)-Fees!$B$14)*Fees!$B$10+(F4-(Fees!$B$15-1))*Fees!$B$11,AND(E4>Fees!$B$14,E4<Fees!$B$15,F4<=Fees!$B$14),F4*Fees!$B$10,AND(E4>Fees!$B$14,E4<Fees!$B$15,F4>Fees!$B$14,F4<Fees!$B$15),F4*Fees!$B$10,AND(E4>Fees!$B$14,E4<Fees!$B$15,F4>=Fees!$B$15),(Fees!$B$15-1)*Fees!$B$10+(F4-(Fees!$B$15-1))*Fees!$B$11,E4>=Fees!$B$15,F4*Fees!$B$11)),F4>=Fees!$B$15,MAX(Fees!$B$13,_xlfn.IFS(AND(E4<=Fees!$B$14,F4<=Fees!$B$14),F4*Fees!$B$9,AND(E4<=Fees!$B$14,F4>Fees!$B$14,F4<Fees!$B$15),Fees!$B$14*Fees!$B$9+(F4-Fees!$B$14)*Fees!$B$10,AND(E4<=Fees!$B$14,F4>=Fees!$B$15),Fees!$B$14*Fees!$B$9+((Fees!$B$15-1)-Fees!$B$14)*Fees!$B$10+(F4-(Fees!$B$15-1))*Fees!$B$11,AND(E4>Fees!$B$14,E4<Fees!$B$15,F4<=Fees!$B$14),F4*Fees!$B$10,AND(E4>Fees!$B$14,E4<Fees!$B$15,F4>Fees!$B$14,F4<Fees!$B$15),F4*Fees!$B$10,AND(E4>Fees!$B$14,E4<Fees!$B$15,F4>=Fees!$B$15),(Fees!$B$15-1)*Fees!$B$10+(F4-(Fees!$B$15-1))*Fees!$B$11,E4>=Fees!$B$15,F4*Fees!$B$11))),"N/A")} -> 5000
A9: DNS/DNSSEC RSP (includes primary and secondary DNS with DNSSEC — provided by Netnod) | B9: {=_xlfn.IFS(B4<=19999,Fees!$E$10/Fees!$E$15, AND(B4>=20000,B4<=59999),Fees!$E$11/Fees!$E$15, AND(B4>=60000,B4<=249999),(Fees!$E$11+(B4-59999)*Fees!$E$12)/Fees!$E$15, AND(B4>=250000,B4<=749999),(Fees!$E$11+(249999-59999)*Fees!$E$12+(B4-249999)*Fees!$E$13)/Fees!$E$15, B4>=750000,(Fees!$E$11+(249999-59999)*Fees!$E$12+(749999-249999)*Fees!$E$13+(B4-749999)*Fees!$E$14)/Fees!$E$15)} -> 2666.6667 | C9: {=_xlfn.IFS(C4<=19999,Fees!$E$10/Fees!$E$15, AND(C4>=20000,C4<=59999),Fees!$E$11/Fees!$E$15, AND(C4>=60000,C4<=249999),(Fees!$E$11+(C4-59999)*Fees!$E$12)/Fees!$E$15, AND(C4>=250000,C4<=749999),(Fees!$E$11+(249999-59999)*Fees!$E$12+(C4-249999)*Fees!$E$13)/Fees!$E$15, C4>=750000,(Fees!$E$11+(249999-59999)*Fees!$E$12+(749999-249999)*Fees!$E$13+(C4-749999)*Fees!$E$14)/Fees!$E$15)} -> 2666.6667 | D9: {=_xlfn.IFS(D4<=19999,Fees!$E$10/Fees!$E$15, AND(D4>=20000,D4<=59999),Fees!$E$11/Fees!$E$15, AND(D4>=60000,D4<=249999),(Fees!$E$11+(D4-59999)*Fees!$E$12)/Fees!$E$15, AND(D4>=250000,D4<=749999),(Fees!$E$11+(249999-59999)*Fees!$E$12+(D4-249999)*Fees!$E$13)/Fees!$E$15, D4>=750000,(Fees!$E$11+(249999-59999)*Fees!$E$12+(749999-249999)*Fees!$E$13+(D4-749999)*Fees!$E$14)/Fees!$E$15)} -> 2666.6667 | E9: {=_xlfn.IFS(E4<=19999,Fees!$E$10/Fees!$E$15, AND(E4>=20000,E4<=59999),Fees!$E$11/Fees!$E$15, AND(E4>=60000,E4<=249999),(Fees!$E$11+(E4-59999)*Fees!$E$12)/Fees!$E$15, AND(E4>=250000,E4<=749999),(Fees!$E$11+(249999-59999)*Fees!$E$12+(E4-249999)*Fees!$E$13)/Fees!$E$15, E4>=750000,(Fees!$E$11+(249999-59999)*Fees!$E$12+(749999-249999)*Fees!$E$13+(E4-749999)*Fees!$E$14)/Fees!$E$15)} -> 2666.6667 | F9: {=_xlfn.IFS(F4<=19999,Fees!$E$10/Fees!$E$15, AND(F4>=20000,F4<=59999),Fees!$E$11/Fees!$E$15, AND(F4>=60000,F4<=249999),(Fees!$E$11+(F4-59999)*Fees!$E$12)/Fees!$E$15, AND(F4>=250000,F4<=749999),(Fees!$E$11+(249999-59999)*Fees!$E$12+(F4-249999)*Fees!$E$13)/Fees!$E$15, F4>=750000,(Fees!$E$11+(249999-59999)*Fees!$E$12+(749999-249999)*Fees!$E$13+(F4-749999)*Fees!$E$14)/Fees!$E$15)} -> 2666.6667
A10: Data escrow (provided by DENIC) | B10: {=_xlfn.IFS(B4<=4999,Fees!$H$10*12*Fees!$H$16, AND(B4>=5000,B4<=49999),(Fees!$H$11+(B4-5000)*Fees!$I$11)*12*Fees!$H$16, AND(B4>=50000,B4<=999999),(Fees!$H$12+(B4-50000)*Fees!$I$12)*12*Fees!$H$16, AND(B4>=1000000,B4<=9999999),(Fees!$H$13+(B4-1000000)*Fees!$I$13)*12*Fees!$H$16, AND(B4>=10000000,B4<=19999999),(Fees!$H$14+(B4-10000000)*Fees!$I$14)*12*Fees!$H$16, B4>=20000000,Fees!$H$15*12*Fees!$H$16)} -> 1416 | C10: {=_xlfn.IFS(C4<=4999,Fees!$H$10*12*Fees!$H$16, AND(C4>=5000,C4<=49999),(Fees!$H$11+(C4-5000)*Fees!$I$11)*12*Fees!$H$16, AND(C4>=50000,C4<=999999),(Fees!$H$12+(C4-50000)*Fees!$I$12)*12*Fees!$H$16, AND(C4>=1000000,C4<=9999999),(Fees!$H$13+(C4-1000000)*Fees!$I$13)*12*Fees!$H$16, AND(C4>=10000000,C4<=19999999),(Fees!$H$14+(C4-10000000)*Fees!$I$14)*12*Fees!$H$16, C4>=20000000,Fees!$H$15*12*Fees!$H$16)} -> 1493.88 | D10: {=_xlfn.IFS(D4<=4999,Fees!$H$10*12*Fees!$H$16, AND(D4>=5000,D4<=49999),(Fees!$H$11+(D4-5000)*Fees!$I$11)*12*Fees!$H$16, AND(D4>=50000,D4<=999999),(Fees!$H$12+(D4-50000)*Fees!$I$12)*12*Fees!$H$16, AND(D4>=1000000,D4<=9999999),(Fees!$H$13+(D4-1000000)*Fees!$I$13)*12*Fees!$H$16, AND(D4>=10000000,D4<=19999999),(Fees!$H$14+(D4-10000000)*Fees!$I$14)*12*Fees!$H$16, D4>=20000000,Fees!$H$15*12*Fees!$H$16)} -> 1579.548 | E10: {=_xlfn.IFS(E4<=4999,Fees!$H$10*12*Fees!$H$16, AND(E4>=5000,E4<=49999),(Fees!$H$11+(E4-5000)*Fees!$I$11)*12*Fees!$H$16, AND(E4>=50000,E4<=999999),(Fees!$H$12+(E4-50000)*Fees!$I$12)*12*Fees!$H$16, AND(E4>=1000000,E4<=9999999),(Fees!$H$13+(E4-1000000)*Fees!$I$13)*12*Fees!$H$16, AND(E4>=10000000,E4<=19999999),(Fees!$H$14+(E4-10000000)*Fees!$I$14)*12*Fees!$H$16, E4>=20000000,Fees!$H$15*12*Fees!$H$16)} -> 1673.7828 | F10: {=_xlfn.IFS(F4<=4999,Fees!$H$10*12*Fees!$H$16, AND(F4>=5000,F4<=49999),(Fees!$H$11+(F4-5000)*Fees!$I$11)*12*Fees!$H$16, AND(F4>=50000,F4<=999999),(Fees!$H$12+(F4-50000)*Fees!$I$12)*12*Fees!$H$16, AND(F4>=1000000,F4<=9999999),(Fees!$H$13+(F4-1000000)*Fees!$I$13)*12*Fees!$H$16, AND(F4>=10000000,F4<=19999999),(Fees!$H$14+(F4-10000000)*Fees!$I$14)*12*Fees!$H$16, F4>=20000000,Fees!$H$15*12*Fees!$H$16)} -> 1777.4411
A11: Abuse management (provided by iQ Global) | B11: {=_xlfn.IFS(B4<=5000,Fees!$L$10*12, AND(B4>=5001,B4<=25000),Fees!$L$11*12, AND(B4>=25001,B4<=50000),Fees!$L$12*12, AND(B4>=50001,B4<=100000),Fees!$L$13*12, AND(B4>=100001,B4<=250000),Fees!$L$14*12, AND(B4>=250001,B4<=500000),Fees!$L$15*12, AND(B4>=500001,B4<=750000),Fees!$L$16*12, B4>=750001,Fees!$L$17*12)} -> 2100 | C11: {=_xlfn.IFS(C4<=5000,Fees!$L$10*12, AND(C4>=5001,C4<=25000),Fees!$L$11*12, AND(C4>=25001,C4<=50000),Fees!$L$12*12, AND(C4>=50001,C4<=100000),Fees!$L$13*12, AND(C4>=100001,C4<=250000),Fees!$L$14*12, AND(C4>=250001,C4<=500000),Fees!$L$15*12, AND(C4>=500001,C4<=750000),Fees!$L$16*12, C4>=750001,$Q$25*12)} -> 2880 | D11: {=_xlfn.IFS(D4<=5000,Fees!$L$10*12, AND(D4>=5001,D4<=25000),Fees!$L$11*12, AND(D4>=25001,D4<=50000),Fees!$L$12*12, AND(D4>=50001,D4<=100000),Fees!$L$13*12, AND(D4>=100001,D4<=250000),Fees!$L$14*12, AND(D4>=250001,D4<=500000),Fees!$L$15*12, AND(D4>=500001,D4<=750000),Fees!$L$16*12, D4>=750001,$Q$25*12)} -> 2880 | E11: {=_xlfn.IFS(E4<=5000,Fees!$L$10*12, AND(E4>=5001,E4<=25000),Fees!$L$11*12, AND(E4>=25001,E4<=50000),Fees!$L$12*12, AND(E4>=50001,E4<=100000),Fees!$L$13*12, AND(E4>=100001,E4<=250000),Fees!$L$14*12, AND(E4>=250001,E4<=500000),Fees!$L$15*12, AND(E4>=500001,E4<=750000),Fees!$L$16*12, E4>=750001,$Q$25*12)} -> 2880 | F11: {=_xlfn.IFS(F4<=5000,Fees!$L$10*12, AND(F4>=5001,F4<=25000),Fees!$L$11*12, AND(F4>=25001,F4<=50000),Fees!$L$12*12, AND(F4>=50001,F4<=100000),Fees!$L$13*12, AND(F4>=100001,F4<=250000),Fees!$L$14*12, AND(F4>=250001,F4<=500000),Fees!$L$15*12, AND(F4>=500001,F4<=750000),Fees!$L$16*12, F4>=750001,$Q$25*12)} -> 2880
A12: Total costs, per year, USD | B12: =SUM(B8:B11) -> 6182.6667 | C12: =SUM(C8:C11) -> 12290.547 | D12: =SUM(D8:D11) -> 12126.215 | E12: =SUM(E8:E11) -> 12220.449 | F12: =SUM(F8:F11) -> 12324.108
A13: Total costs for 5 years, USD | B13: =SUM(B12:F12) -> 55143.985
A15: Discount for billing Year 1 (applies to Main RSP services only) | B15: 1
A16: How to use this calculator: enter the values in purple and Excel magic will do the rest.
A18: Important Notes
A19: For Main RSP Minimum contract term — 5 years. For the purposes of billing, Year 1 starts once a TLD is fully configured in the system (i.e. is technically ready for operations). If a Registry wishes to cancel the contract earlier, cancellation fee applies, calculated as follows: current DUM number * current Fee Level * number of billing years left before contract expiration. For not full remaining billing years, the resulting payment is decreased proportionally (i.e. the payment for such a year is divided by 365 and multipled by the number of days left in the year). If the total resulting amount per full billing year is less than the minimum annual spending thresholds, the thresholds apply as follows: if the DUM number is less than 20,000, the applicable threshold is USD 5,000, if the DUM number is 20,000 or more, the applicable threshold is USD 10,000. These thresholds are multipled by the number of billing years left before contract expiration. For not full remaining years, thresholds are reduced proportionally as described above. A Transaction stands for Registration, Renewal, Transfer. How the effective per Transaction fee is calculated (please refer to the "Fees" sheet for the detailed fee schedule): Until a TLD reaches 5,000 transactions, it is charged USD 1 per transaction, with the required minumum total spending per billing year of no less than USD 5,000 — see illustrative examples A and B below. Illustrative example A Registry Operator that has 3,000 transactions in a Billing Year is eligible for the Fee Level 1 (USD 1 per transaction), however, as 3,000*(multiplied by)*1 is USD 3,000, i.e. less than the applicable Minimum Spending of USD 5,000, once the Billing Year ends, the Registry Operator will be invoiced for the difference between USD 5,000 and USD 3,000, i.e. the invoice will be issued for the amount of USD 5,000 – USD 3,000 = USD 2,000. Illustrative example B Registry Operator that has 5,000 transactions in a Billing Year is eligible for the Fee Level 1 (USD 1 per transaction), and, as 5,000*(multiplied by)*1 is USD 5,000, i.e. equals the applicable Minimum Spending of USD 5,000, once the Billing Year ends, no additional payments will be required. Starting from 5,001 transaction, the transaction fee decreases to USD 0.5, while the required minimum total spending per billing year for the TLD remains no less than USD 5,000 — see illustrative examples C and D below. Illustrative example C Registry Operator that has 7,000 transactions in a Billing Year is eligible for the Fee Level 2 (USD 0.50 per transaction), however, as 7,000*(multiplied by)*0.50 is USD 3,500, i.e. less than the applicable Minimum Spending of USD 5,000, once the Billing Year ends, the Registry Operator will be invoiced for the difference between USD 5,000 and USD 3,500, i.e. the invoice will be issued for the amount of USD 5,000 – USD 3,500 = USD 1,500. Illustrative example D Registry Operator that has 13,000 transactions in a Billing Year is eligible for the Fee Level 2 (USD 0.50 per transaction), and, as 13,000*(multiplied by)*0.5 is USD 6,500, which is more than the applicable Minimum Spending of USD 5,000, once the Billing Year ends, no additional payments will be required. The USD 0.5 per transaction fee in the system will remain effective until the TLD reaches 20,000 transactions per billing year: at this point, the per transaction fee will be reduced to USD 0.25, however, the required minimum total spending per billing year will be increased to USD 10,000 — see illustrative examples E and F below. Illustrative example E Registry Operator that has 22,000 transactions in a Billing Year is eligible for the Fee Level 3 (USD 0.25 per transaction), however, as 22,000*(multiplied by)*0.25 is USD 5,500, i.e. less than the applicable Minimum Spending of USD 10,000, once the Billing Year ends, the Registry Operator will be invoiced for the difference between USD 10,000 and USD 5,500, i.e. the invoice will be issued for the amount of USD 10,000 – USD 5,500 = USD 4,500. Illustrative example F Registry Operator that has 47,000 transactions in a Billing Year is eligible for the Fee Level 3 (USD 0.25 per transaction), and, as 47,000*(multiplied by)*0.25 is USD 11,750, which is more than the applicable Minimum Spending of USD 10,000, once the Billing Year ends, no additional payments will be required. If the TLD becomes eligible for a cheaper Fee Level during the billing year, the transactions happened prior to reaching the corresponding eligibility threshold will be charged at an applicable more expensive Fee Level. For example, if the TLD enters the billing year with the effective fee of USD 0.5 and crosses the threshold of 20,000 transactions during the year, the first 19,999 transactions will be charged at USD 0.5, and all transactions above that will be charged USD 0.25 (with the applicable minimum payment threshold of USD 10,000 per year, as explained above). Fee Level reached by the end of the billing year is inherited for the next year and can be improved further during the year instantly, once the corresponding higher threshold in the number of transactions is crossed. Fee Level cannot be changed to a more expensive one during the particular billing year: if a TLD becomes ineligible for a cheaper Fee Level, the more expensive Fee Level (it becomes eligible for instead) starts to be applicable beginning from the next billing year only. If a Registry manages several TLDs in the system, the effective Fee Level for all these TLDs will be the same, defined depending on the combined number of transactions in the TLDs. Minimum annual spending thresholds (i.e. USD 5,000 and USD 10,000) are applied on a per TLD level.
A25: For DNS/DNSSEC RSP, Data escrow and Abuse Management services As monthly billing applies, the calculation provided here is a snapshot of what you would pay for the particular entered number of domains; in reality, there are multiple scenarios where corresponding costs may increase gradually, as the TLD grows to the number entered. Please refer to the "Fees" sheet for the detailed fee schedule for each of the respective providers. Illustrative examples of fee calculations for DNS/DNSSEC RSP (provided by Netnod) During a month, the total number of delegations under a TLD is 15,000. Then, the invoice amount for this month will be SEK 24,000/12 = SEK 2,000. During the next month, the number of delegations increases to 770,000. Then, the invoice amount for this month will be SEK 48,000/12 + (249,999-59,999)*SEK 0.80/12 + (749,999-249,999)*SEK 0.60/12 + (770,000-749,999)*SEK 0.5/12 = SEK 42,500.04. One month after the number of delegations decreases to 55,000. Then, the invoice amount for this month will be SEK 48,000/12 = SEK 4,000. Illustrative examples of fee calculations for data escrow (provided by DENIC) The first escrow deposit is submitted to DENIC on the 15th day of the month. As of the last day of that month, the number of domains under management in a TLD is 7,000. Then, the fee to be paid will be calculated as follows: (100+(7,000-5000)*0.011)/30 days * 15 days = EUR 61. Starting from the second month, charges will apply for the full month, as follows: e.g. if as of the last day of that month the number of domains under management in a TLD is 35,000, then the fee will be 100+(35,000-5,000)*0.011 = EUR 430. Illustrative examples of fee calculations for domain abuse management (provided by iQ Global) During a month, the total number of monitored domains in a TLD is 15,000. Then, the invoice amount for this month will be USD 240. During the next month, the number of monitored domains in a TLD increases to 55,000. Then, the invoice amount for this month will be USD 560. One month after the number of monitored domains in a TLD decreases to 40,000. Then, the invoice amount for this month will be USD 430. | P25: 750,001+ | Q25: 990

Sheet Fees
A1: -- CONFIDENTIAL --
C2: Fee Schedules
A5: Note: Exchange rates for non-USD services are editable — see below in purple
A8: Main RSP fees (USD) — service provided by RSP.it.com | D8: DNS/DNSSEC RSP fees (SEK), per year, per TLD — service provided by Netnod | G8: Data escrow fees (EUR), per month, per TLD — service provided by DENIC | K8: Abuse management fees (USD), per month, per TLD — service provided by iQ Global
A9: Fee Level 1 (5,000 and less transactions per billing year) | B9: 1 | D9: Number of delegations | E9: Fee | G9: Number of domains under management | H9: Flat fee | I9: Additional charge for each domain above the minimum number included in the pricing tier | K9: Number of monitored domains | L9: Fee
A10: Fee Level 2 (5,001 — 19,999 transactions per billing year) | B10: 0.5 | D10: 19,999 and less, flat fee | E10: 24000 | G10: 4,999 and less | H10: 100 | I10: 0 | K10: 5,000 and less | L10: 175
A11: Fee Level 3 (20,000 and more transactions per billing year) | B11: 0.25 | D11: 20,000 — 59,999, flat fee | E11: 48000 | G11: 5,000 — 49,999 | H11: 100 | I11: 0.011 | K11: 5,001 — 25,000 | L11: 240
A12: Minimum annual payment for less than 20,000 transactions per billing year | B12: 5000 | D12: 60,000 — 249,999, per delegation fee | E12: 0.8 | G12: 50,000 — 999,999 | H12: 600 | I12: 0.0001 | K12: 25,001 — 50,000 | L12: 430
A13: Minimum annual payment for 20,000 or more transactions per billing year | B13: 10000 | D13: 250,000 — 749,999, per delegation fee | E13: 0.6 | G13: 1,000,000 — 9,999,999 | H13: 1000 | I13: 0.00063 | K13: 50,001 — 100,000 | L13: 560
A14: Threshold in the number of transactions for per transaction fee decrease from Level 1 (USD 1) to Level 2 (USD 0.5) | B14: 5000 | D14: 750,000+, per delegation fee | E14: 0.5 | G14: 10,000,000 — 19,999,999 | H14: 6667 | I14: 0.00062 | K14: 100,001 — 250,000 | L14: 640
A15: Threshold in the number of transactions for minimum payment increase and per transaction fee decrease from Level 2 (USD 0.5) to Level 3 (USD 0.25) | B15: 20000 | D15: USD/SEK exchange rate | E15: 9 | G15: 20,000,000+ | H15: 13333 | I15: 0 | K15: 250,001 — 500,000 | L15: 750
G16: EUR/USD exchange rate | H16: 1.18 | K16: 500,001 — 750,000 | L16: 890
K17: 750,001+ | L17: 990
